 Dungeon Crawl Stone Soup version 0.28-a0-1435-g82390b3a13 (webtiles) character file.

Game seed: 12032298907903671576

452 porpoise the Sneak (level 6, -1/50 HPs)
             Began as a Demonspawn Brigand on Jan 10, 2022.
             Slain by a wyvern zombie (7 damage)
             ... on level 5 of the Dungeon.
             The game lasted 00:12:43 (4624 turns).

porpoise the Sneak (Demonspawn Brigand)             Turns: 4624, Time: 00:12:44

Health: -1/50      AC:  7    Str: 14    XL:     6   Next: 75%
Magic:  6/6        EV: 11    Int: 12    God:
Gold:   175        SH:  0    Dex: 14    Spells: 5/5 levels left

rFire   . . .      SeeInvis .   a - +1 short sword (venom)
rCold   . . .      Faith    .   (no shield)
rNeg    . . .      Spirit   .   v - +0 leather armour
rPois   .          Reflect  .   (helmet restricted)
rElec   .          Harm     .   c - +1 cloak
rCorr   +          Rampage  .   (no gloves)
Will    .....                   (no boots)
Stlth   +++.......              (no amulet)
HPRegen 0.16/turn               u - ring of resist corrosion
MPRegen 0.10/turn               (no ring)

@: no status effects
A: antennae 2, yellow scales 1
a: no special abilities


You were on level 5 of the Dungeon.
You visited 1 branch of the dungeon, and saw 5 of its levels.

You collected 175 gold pieces.

Inventory:

Hand Weapons
 a - a +1 short sword of venom (weapon)
 b - a +1 hunting sling
 p - a +2 short sword of freezing
 y - a +2 dagger of venom
Missiles
 d - 13 poisoned darts (quivered)
 e - 8 curare-tipped darts
 g - 88 stones
 h - 11 sling bullets
 t - 14 arrows
Armour
 c - a +1 cloak (worn)
 o - an orb of guile
 v - a +0 leather armour (worn)
Magical Staves
 q - a staff of earth
Jewellery
 j - an amulet of guardian spirit
 u - a ring of resist corrosion (left hand)
Wands
 w - a wand of iceblast (5)
Scrolls
 m - a scroll of magic mapping
 n - a scroll of silence
 r - 2 scrolls of teleportation
Potions
 f - a potion of attraction
 i - a potion of cancellation {unknown}
 k - 5 potions of curing
 l - a potion of ambrosia {unknown}
 s - a potion of might {unknown}


   Skills:
 * Level 4.8 Fighting
 * Level 4.4 Short Blades
 - Level 1.7 Throwing
 - Level 0.8 Dodging
 + Level 4.8 Stealth


You had 5 spell levels left.
You didn't know any spells.
Your spell library contained the following spells:

 Spells                   Type           Power      Damage    Failure   Level
 Slow                     Hex            0%         N/A       38%         1
 Confusing Touch          Hex            0%         N/A       77%         3
 Vampiric Draining        Necr           0%         2d6       77%         3


Dungeon Overview and Level Annotations

Branches:
Dungeon (5/15)
 Temple: D:4-7

Altars:

Annotations:
D:4 exclusion: door, Sigmund
D:5 3 runed translucent doors, Vadun's ghost, amateur TeFi


Innate Abilities, Weirdness & Mutations

You have a pair of antennae on your head.
You are partially covered in yellow scales. (AC +2)


Message History

You kill the orc priest!
You hit the wyvern zombie.
The wyvern zombie is moderately damaged.
The wyvern zombie bites you but does no damage.
You barely miss the wyvern zombie.
The wyvern zombie is moderately damaged.
The wyvern zombie bites you!
You hit the wyvern zombie but do no damage.
The wyvern zombie is moderately damaged.
The wyvern zombie bites you.
You hit the wyvern zombie but do no damage.
The wyvern zombie is moderately damaged.
The wyvern zombie barely misses you.
You barely miss the wyvern zombie.
The wyvern zombie is moderately damaged.
The wyvern zombie barely misses you.
You barely miss the wyvern zombie.
The wyvern zombie is moderately damaged.
The wyvern zombie bites you!
* * * LOW HITPOINT WARNING * * *
You hit the wyvern zombie.
The wyvern zombie is heavily damaged.
The wyvern zombie bites you but does no damage. x2
You barely miss the wyvern zombie.
The wyvern zombie is heavily damaged.
The wyvern zombie bites you but does no damage.
You hit the wyvern zombie.
The wyvern zombie is severely damaged.
The wyvern zombie bites you but does no damage.
You hit the wyvern zombie.
The wyvern zombie is severely damaged.
The wyvern zombie bites you!
* * * LOW HITPOINT WARNING * * *
You puncture the wyvern zombie!
The wyvern zombie is almost destroyed.
The wyvern zombie misses you.
You barely miss the wyvern zombie.
The wyvern zombie is almost destroyed.
The wyvern zombie bites you!
You die...

...#.(...#..#....#
...............#.#
..#.#.###....##..#
. #.#.# #....##.##
#...# #....#...#
##..# #....#.#.#
#..###....#.#.#
##>.........#.#
############@# #Z#
).. ##.## #.# #.#
... #.#


You could see a wyvern zombie.

Vanquished Creatures
  A necrophage (D:5)
  2 scorpions
  A howler monkey (D:4)
  An orc priest (D:5)
  A jelly (D:4)
  An iguana (D:4)
  An orc wizard (D:5)
  A shadow imp (D:5)
  An adder skeleton (D:4)
  A worm (D:2)
  A dart slug (D:1)
  6 orcs
  6 endoplasms
  A giant cockroach (D:4)
  8 goblins
  7 hobgoblins
  11 jackals
  8 kobolds
  2 quokkas
  5 ball pythons
  5 bats
  3 frilled lizards
  7 rats
81 creatures vanquished.

Notes
Turn   | Place    | Note
-------+----------+-------------------------------------------
     0 | D:1      | porpoise the Demonspawn Brigand began the quest for the
                  | Orb.
     0 | D:1      | Reached XP level 1. HP: 16/16 MP: 1/1
   399 | D:1      | Gained mutation: You have a pair of small antennae on your
                  | head. [demonic ancestry]
   399 | D:1      | Reached XP level 2. HP: 21/22 MP: 2/2
  1096 | D:1      | Reached XP level 3. HP: 28/28 MP: 3/3
  1443 | D:2      | Found a faded altar of an unknown god.
  2953 | D:3      | Noticed a scorpion
  2963 | D:3      | Killed a scorpion
  2964 | D:3      | Gained mutation: You have a pair of antennae on your head.
                  | [demonic ancestry]
  2964 | D:3      | Reached XP level 4. HP: 28/35 MP: 4/4
  3256 | D:4      | Noticed Sigmund
  3340 | D:4      | Gained mutation: You are partially covered in yellow
                  | scales. (AC +2) [demonic ancestry]
  3340 | D:4      | Reached XP level 5. HP: 38/41 MP: 5/5
  4066 | D:4      | Reached XP level 6. HP: 41/48 MP: 6/6
  4332 | D:5      | Entered Level 5 of the Dungeon
  4397 | D:5      | Found a runed translucent gate.
  4397 | D:5      | Found a runed translucent gate.
  4397 | D:5      | Found a runed translucent gate.
  4398 | D:5      | Noticed Vadun's ghost (amateur TeFi)
  4624 | D:5      | Slain by a wyvern zombie

Illustrated notes

Levels and vault maps discovered:
D:1:      dpeg_arrival_three_smaller_balls, layout_loops_ring, nrook_campfire,
          minivault_4
D:2:      layout_loops_corners, shapermc_ecumenical_altar_gd
D:3:      layout_loops_ring
D:4:      layout_loops_corners, sigmund_army
D:5:      layout_basic, gammafunk_ghost_necromancy, minmay_misc_feat_plants

Skill      XL: |  1  2  3  4  5  6 |
---------------+-------------------+-----
Short Blades   | 2 3 4 |  4.4
Fighting       | 3 4 |  4.8
Stealth        | 4 |  4.8
Throwing       | |  1.7
Dodging        | |  0.8

Action                   |  1- 3 |  4- 6 || total
-------------------------+-------+-------++-------
Melee: Dagger            |    32 |       ||    32
       Punch             |     3 |     1 ||     4
       Short sword       |    77 |    92 ||   169
 Fire: Hunting sling     |    31 |     6 ||    37
Throw: Dart              |     2 |       ||     2
Evoke: Wand              |       |     2 ||     2
  Use: Scroll            |     4 |     8 ||    12
 Stab: Sleeping          |     6 |     7 ||    13
Armor: Robe              |    23 |       ||    23
       Leather armour    |       |    22 ||    22
Dodge: Dodged            |    54 |    26 ||    80

Table legend: (Time is in decaauts)
 A = Elapsed time spent in this place.
 B = Non-inter-level travel time spent in this place.
 C = Inter-level travel time spent in this place.
 D = Time resting spent in this place.
 E = Time spent auto-exploring this place.
 F = Levels seen in this place.
 G = Mean time per level.
                   A        B        C        D        E       F      G
               +--------+--------+--------+--------+--------+-----+--------+
         Total |   4602 |   4407 |    195 |    796 |   2786 |   5 |  920.4 |
       Dungeon |   4602 |   4407 |    195 |    796 |   2786 |   5 |  920.4 |
               +--------+--------+--------+--------+--------+-----+--------+

Top non-repeatable levels by time:
     D:1: 1303 daAuts
     D:4: 1114 daAuts
     D:3: 961 daAuts
     D:2: 936 daAuts
     D:5: 287 daAuts
